 Dungeon Crawl Stone Soup version 0.26.1-11-gd32895ea62 (webtiles) character file.

Game seed: 14578339670907092475

96 Zeld the Changer (level 4, -1/29 HPs)
             Began as an Octopode Transmuter on May 27, 2021.
             Slain by a worker ant (5 damage)
             ... on level 4 of the Dungeon.
             The game lasted 00:02:02 (1453 turns).

Zeld the Changer (Octopode Transmuter)              Turns: 1453, Time: 00:02:03

Health: -1/29      AC:  2    Str: 10    XL:     4   Next: 67%
Magic:  1/8        EV: 20    Int: 15    God:
Gold:   53         SH:  0    Dex: 17    Spells: 3/9 levels left

rFire    . . .     SeeInvis .     - Unarmed
rCold    . . .     Faith    .   (shield currently unavailable)
rNeg     . . .     Spirit   .   (helmet currently unavailable)
rPois    x         Reflect  .   (no amulet)
rElec    .         Harm     .   (no ring)
rCorr    .         Rampage  .   (no ring)
Will     .....                  (no ring)
Stlth    ++........             (no ring)
HPRegen  0.09/turn              (no ring)
MPRegen  0.11/turn              (no ring)
                                (no ring)
                                (no ring)

@: spider-form, very slightly contaminated
A: tiny, almost no armour, stealthy swim, (amphibious), 8 rings, (constrict 8)
a: End Transformation


You were on level 4 of the Dungeon.
You were a venomous arachnid creature.
You visited 1 branch of the dungeon, and saw 3 of its levels.

You collected 53 gold pieces.

Inventory:

Jewellery
 d - a cursed amulet of inaccuracy {unknown}
Scrolls
 b - 2 scrolls of teleportation {unknown}
 e - 2 scrolls of immolation {unknown}
 f - a scroll of amnesia {unknown}
 g - a scroll of noise {unknown}
 h - 2 scrolls of identify {unknown}
 i - a scroll of enchant armour {unknown}
 k - a scroll of enchant weapon {unknown}
Potions
 a - a potion of heal wounds {unknown}
 c - a potion of degeneration {unknown}
 j - a potion of curing {unknown}
 l - a potion of lignification {unknown}


   Skills:
 + Level 1.9 Fighting
 + Level 2.5 Dodging
 - Level 3.0 Unarmed Combat
 * Level 3.0 Spellcasting
 * Level 3.1 Transmutations


You had 3 spell levels left.
You knew the following spells:

 Your Spells              Type           Power        Failure   Level
a - Beastly Appendage     Tmut           22%          16%         1
b - Wereblood             Tmut           11%          22%         2
c - Spider Form           Tmut/Pois      3%           54%         3

Your spell library contained the following spells:

 Spells                   Type           Power        Failure   Level
 Ice Form                 Ice/Tmut       6%           87%         4
 Blade Hands              Tmut           5%           94%         5


Dungeon Overview and Level Annotations

Branches:
Dungeon (2/15)

Altars:


Innate Abilities, Weirdness & Mutations

You cannot wear most types of armour.
You are very stealthy in the water. (Stealth+)
((You are amphibious.))
You can wear up to eight rings at the same time.
((You can use your tentacles to constrict eight enemies at once.))
((Your skin changes colour to match your surroundings (Stealth+).))
((Your rubbery body absorbs attacks. (AC +1, EV +1)))


Message History

You are very lightly contaminated with residual magic.
Nothing appears to happen.
The worker ant closely misses you.
Casting: Spider Form (extremely dangerous; 32% risk of failure)
Confirm with . or Enter, or press ? or * to list all spells.
The spell is extremely dangerous to cast (32% risk of failure)!
Continue anyway? [Y]es or [N]o only, please.
The spell is extremely dangerous to cast (32% risk of failure)!
Continue anyway?
You turn into a venomous arachnid creature.
The worker ant bites you!
* * * LOW HITPOINT WARNING * * *
You barely miss the worker ant. The worker ant barely misses you.
The phantom blinks!
You hit the worker ant.
The worker ant is poisoned.
The worker ant is lightly wounded.
The worker ant waves its antennae.
The worker ant closely misses you.
You hit the worker ant.
The worker ant is heavily wounded.
The worker ant completely misses you. The worker ant bites you.
You die...

.......##..#......
.......>..#####...
......#......##..##
.........##.......#
........##........###
....................#
...............##..#
.........##....#..######
.........#......s......#
................B......#
.......#................
.#...###..............#
###..#........#...####
..##.......W#####..#
................# ###
.##....#........#
##...#.........#


You could see a phantom and a worker ant (very poisoned).

Vanquished Creatures
  An iguana (D:4)
  A worker ant (D:4)
  An adder (D:4)
  An ooze (D:1)
  A worm (D:2)
  3 dart slugs (D:1)
  3 bats (D:1)
  4 hobgoblins (D:1)
  2 frilled lizards
  4 goblins
  2 kobolds (D:1)
  7 rats
30 creatures vanquished.

Notes
Turn   | Place    | Note
-------+----------+-------------------------------------------
     0 | D:1      | Zeld the Octopode Transmuter began the quest for the Orb.
     0 | D:1      | Reached XP level 1. HP: 13/13 MP: 3/3
    95 | D:1      | Reached XP level 2. HP: 18/18 MP: 3/5
   583 | D:1      | Learned a level 2 spell: Wereblood
   764 | D:1      | Reached XP level 3. HP: 20/23 MP: 4/6
   768 | D:1      | Learned a level 3 spell: Spider Form
  1299 | D:2      | You fall into a shaft and drop 2 floors!
  1319 | D:4      | Reached XP level 4. HP: 28/29 MP: 3/8
  1433 | D:4      | Noticed a phantom
  1453 | D:4      | Slain by a worker ant

Illustrated notes

Levels and vault maps discovered:
D:1:      dpeg_arrival_rooms_c, layout_rooms, chequers_serial_rivers_micro_a,
          minmay_tromino_v4_c
D:2:      layout_basic, grunt_decor_clamped, uniq_jessica, uniq_robin
D:4:      layout_cave_pools, minmay_manual_maat

Skill      XL: |  1  2  3  4 |
---------------+-------------+-----
Spellcasting   | 3 |  3.0
Transmutations | 3 |  3.1
Fighting       | |  1.9
Dodging        | |  2.5
Unarmed Combat | |  3.0

Action                   |  1- 3 |  4- 6 || total
-------------------------+-------+-------++-------
Melee: Unarmed           |    65 |    10 ||    75
       Constrict         |    22 |       ||    22
       Kick              |    21 |       ||    21
       Tentacles         |     5 |       ||     5
 Cast: Beastly Appendage |    18 |       ||    18
       Spider Form       |     1 |     2 ||     3
 Stab: Sleeping          |     2 |       ||     2
Armor: Skin              |     8 |       ||     8
Dodge: Dodged            |    51 |    10 ||    61
